 Dungeon Crawl Stone Soup version 0.28-a0-21-gf74fda84f9 (webtiles) character file.

Game seed: 12603435380747253333

11 Spectrina the Magician (level 2, -2/23 HPs)
             Began as a Djinni Warper on July 26, 2021.
             Slain by a quokka (3 damage)
             ... on level 1 of the Dungeon.
             The game lasted 00:01:07 (176 turns).

Spectrina the Magician (Djinni Warper)               Turns: 176, Time: 00:01:07

Health: -2/23      AC:  5    Str: 10    XL:     2   Next: 35%
Gold:   34         EV: 11    Int: 16    God:
                   SH:  0    Dex: 12

rFire   + + .      SeeInvis .   a - +0 mace
rCold   x . .      Faith    .   (no shield)
rNeg    . . .      Spirit   .   b - +0 leather armour
rPois   ∞          Reflect  .   (no helmet)
rElec   .          Harm     .   (no cloak)
rCorr   .          Rampage  .   (no gloves)
Will    .....                   (boots unavailable)
Stlth   +.........              (no amulet)
HPRegen 0.07/turn               (no ring)
MPRegen 0.00/turn               (no ring)

@: attractive, flying
A: sickness immunity, fire resistance 2, cold vulnerability 1, float, innate
caster, hp casting, extra vitality 1, iridescent scales 1, clever 1, screaming 1
a: no special abilities


You were on level 1 of the Dungeon.
You visited 1 branch of the dungeon, and saw 2 of its levels.

You collected 34 gold pieces.

Inventory:

Hand Weapons
 a - a +0 mace (weapon)
Missiles
 d - 5 boomerangs of dispersal (quivered)
Armour
 b - a +0 leather armour (worn)
Scrolls
 c - a scroll of blinking


   Skills:
 - Level 2.0 Fighting
 - Level 1.5 Maces & Flails
 - Level 0.7 Throwing
 - Level 1.0 Armour
 - Level 2.1 Dodging
 + Level 2.9 Spellcasting


You couldn't memorise any spells.
You knew the following spells:

 Your Spells              Type           Power      Damage    Failure   Level
a - Blink                 Tloc           N/A        N/A       12%         2
b - Lesser Beckoning      Tloc           5%         N/A       22%         3
c - Gell's Gravitas       Tloc           5%         N/A       22%         3
d - Teleport Other        Tloc           11%        N/A       22%         3
e - Manifold Assault      Tloc           11%        N/A       91%         5
Your spell library was empty.

Dungeon Overview and Level Annotations

Branches:
Dungeon (2/15)

Altars:


Innate Abilities, Weirdness & Mutations

You are immune to sickness and miasma.
You are immune to poison.
Your flesh is very heat resistant. (rF++)
You are vulnerable to cold. (rC-)
You float through the air rather than walking.
You learn spells naturally, not from books.
Your magical power is your life essence.
You have superior vitality. (+4 HP)
You are partially covered in iridescent scales. (AC +2)
Your mind is acute. (Int +2)
You occasionally shout uncontrollably at your foes.


Message History

You kill the frilled lizard!
Found a stone staircase leading down.
Found a fizzy silvery potion.
Found a stone staircase leading down.
Found 19 gold pieces.
f - a fizzy silvery potion You now have 19 gold pieces.
There is a stone staircase leading down here.
You fly downwards.
Found 15 gold pieces.
There is a stone staircase leading up here.
Unknown command.
You now have 34 gold pieces (gained 15).
There is a stone staircase leading up here.
You fly upwards.
There is a stone staircase leading down here.
A quokka comes into view.
Okay, then.
Okay, then.
It was a potion of attraction.
You feel attractive to monsters.
Unknown command.
You hit the quokka.
The quokka is moderately wounded.
The quokka barely misses you. x2
You closely miss the quokka.
The quokka is moderately wounded.
The quokka bites you.
* * * LOW HITPOINT WARNING * * *
The quokka bites you.
* * * LOW HITPOINT WARNING * * *
You barely miss the quokka.
The quokka is moderately wounded.
The quokka bites you.
* * * LOW HITPOINT WARNING * * *
It was a potion of mutation.
You feel extremely strange.
You feel the urge to shout.
You feel clever.
Iridescent scales grow over part of your body.
The quokka bites you.
You die...

######### #. #
........###..... . #.
#...>r......# #. #.
#.##@# .# #.##.#
#.##.####.## #.....##
#.#........##
.......######>#.........#
#.#............####..
#...######...#.# #...#
#...#.#####.# ##...#
#...#.......# #....#
#......####.#


You could see a quokka.

Vanquished Creatures
  2 ball pythons (D:1)
  4 jackals (D:1)
  A quokka (D:1)
  A bat (D:1)
  A frilled lizard (D:1)
9 creatures vanquished.

Notes
Turn   | Place    | Note
-------+----------+-------------------------------------------
     0 | D:1      | Spectrina the Djinni Warper began the quest for the Orb.
     0 | D:1      | Reached XP level 1. HP: 18/18 MP: 0/0
    72 | D:1      | Reached XP level 2. HP: 19/23 MP: 0/0
   175 | D:1      | HP: 1/23 [quokka (2)]
   176 | D:1      | Gained mutation: You occasionally shout uncontrollably at
                  | your foes. [potion of mutation]
   176 | D:1      | Gained mutation: Your mind is acute. (Int +2) [potion of
                  | mutation]
   176 | D:1      | Gained mutation: You are partially covered in iridescent
                  | scales. (AC +2) [potion of mutation]
   176 | D:1      | Slain by a quokka

Illustrated notes

Levels and vault maps discovered:
D:1:      nicolae_arrival_somewhat_less_tricky_arrival, layout_loops_ring
D:2:      layout_basic, basic_altar, chequers_ecumenical_altar_simple_redux

Action                   || total
-------------------------++-------
Melee: Mace              ||    32
  Use: Potion            ||     2
Armor: Leather armour    ||    10
Dodge: Dodged            ||    31

Table legend: (Time is in decaauts)
 A = Elapsed time spent in this place.
 B = Non-inter-level travel time spent in this place.
 C = Inter-level travel time spent in this place.
 D = Time resting spent in this place.
 E = Time spent auto-exploring this place.
 F = Levels seen in this place.
 G = Mean time per level.
                   A        B        C        D        E       F      G
               +--------+--------+--------+--------+--------+-----+--------+
         Total |    186 |    186 |      0 |      0 |      0 |   2 |   93.0 |
       Dungeon |    186 |    186 |      0 |      0 |      0 |   2 |   93.0 |
               +--------+--------+--------+--------+--------+-----+--------+

Top non-repeatable levels by time:
     D:1: 179 daAuts
     D:2: 6 daAuts
